 Dungeon Crawl Stone Soup version 0.23.2-1-ga50397a (webtiles) character file.

Game seed: 6606011405458837946

128 Goblin1989 the Firebug (level 4, -2/24 HPs)
             Began as a Deep Elf Fire Elementalist on May 10, 2019.
             Slain by a gnoll
             ... wielding a +0 spear
              (4 damage)
             ... on level 2 of the Dungeon.
             The game lasted 00:08:58 (2402 turns).

Goblin1989 the Firebug (Deep Elf Fire Elementalist) Turns: 2402, Time: 00:08:59

Health: -2/24      AC:  3    Str:  5    XL:     4   Next: 87%
Magic:  6/12       EV: 13    Int: 24    God:
Gold:   103        SH:  0    Dex: 15    Spells: 10/11 levels left

rFire    . . .     SeeInvis .   m - +5 hunting sling
rCold    . . .     Gourm    .   (no shield)
rNeg     . . .     Faith    .   a - +0 robe
rPois    .         Spirit   .   o - +0 helmet {Int+3}
rElec    .         Reflect  .   (no cloak)
rCorr    .         Harm     .   (no gloves)
MR       .....                  (no boots)
Stlth    ++........             (no amulet)
HPRegen  0.08/turn              (no ring)
MPRegen  0.13/turn              (no ring)

@: very slightly contaminated
A: no striking features
a: no special abilities


You were on level 2 of the Dungeon.
You were not hungry.

You visited 1 branch of the dungeon, and saw 2 of its levels.

You collected 103 gold pieces.

Inventory:

Hand Weapons
 h - a +3 dagger
 k - a +2 whip of freezing
 m - a +5 hunting sling (weapon)
Missiles
 n - 36 stones (quivered) {@Q3}
Armour
 a - a +0 robe (worn)
 o - a +0 helmet of intelligence (worn)
Scrolls
 i - 2 scrolls of remove curse {unknown}
 j - 5 scrolls of identify {unknown}
 s - a scroll of random uselessness {unknown}
Potions
 g - a potion of resistance {unknown}
 p - a potion of might {unknown}
 q - a potion of curing {unknown}
Comestibles
 e - 4 rations
 r - 3 chunks of flesh


   Skills:
 - Level 2.4 Dodging
 - Level 2.4 Stealth
 + Level 4.1 Spellcasting
 * Level 3.3 Conjurations
 * Level 4.6 Fire Magic


You had 10 spell levels left.
You knew the following spells:

 Your Spells              Type           Power        Failure   Level  Hunger
a - Flame Tongue          Conj/Fire      ###..        1%          1    None

Your spell library contained the following spells:

 Spells                   Type           Power        Failure   Level  Hunger
 Throw Flame              Conj/Fire      ###...       2%          2    None
 Conjure Flame            Conj/Fire      ###.....     5%          3    ##.....
 Inner Flame              Hex/Fire       ###.....     11%         3    ##.....
 Sticky Flame             Conj/Fire      ###.....     19%         4    ####...
 Fireball                 Conj/Fire      ###.......   45%         5    #####..


Dungeon Overview and Level Annotations

Branches:
Dungeon (2/15)

Altars:


Message History

You see here a +0 club. 2 gnolls come into view.
Found a stone staircase leading down.
Firing (i - inventory)
n - 40 stones (quivered)
{@Q3}
Press: ? - help, Shift-Dir - straight line, f - gnoll
Aim: a gnoll, wielding a +0 spear (resting)
You shoot a stone {@Q3}. The stone {@Q3} hits the gnoll.
The gnoll shouts!
The gnoll is lightly wounded.
The gnoll shouts!
You hear a shout!
A gnoll comes into view. It is wielding a +0 flail.
The gnoll shouts!
Firing (i - inventory)
n - 39 stones (quivered)
{@Q3}
Press: ? - help, Shift-Dir - straight line, f/p - gnoll
Aim: a gnoll, wielding a +0 spear (lightly wounded)
You shoot a stone {@Q3}. The stone {@Q3} hits the gnoll!
The gnoll is almost dead.
The gnoll barely misses you. The gnoll closely misses you.
A gnoll comes into view. It is wielding a +0 spear.
Unknown command.
Firing (i - inventory)
n - 38 stones (quivered)
{@Q3}
Press: ? - help, Shift-Dir - straight line, f/p - gnoll
Aim: a gnoll, wielding a +0 spear (almost dead)
You shoot a stone {@Q3}.
The stone {@Q3} closely misses the gnoll.
The gnoll hits you from afar with a +0 spear.
You take 4 damage, and have 20/24 hp.
Firing (i - inventory)
n - 37 stones (quivered)
{@Q3}
Press: ? - help, Shift-Dir - straight line, f/p - gnoll
Aim: a gnoll, wielding a +0 spear (almost dead)
You shoot a stone {@Q3}. The stone {@Q3} hits the gnoll.
You kill the gnoll!
Casting: Flame Tongue (safe; 1% risk of failure)
Confirm with . or Enter, or press ? or * to list all spells.
Aiming: Flame Tongue (safe; 1% risk of failure)
Press: ? - help, Shift-Dir - straight line, f - gnoll
Aim: a gnoll, wielding a +0 spear The flame tongue hits the gnoll.
The gnoll is heavily wounded.
The gnoll hits you with a +0 flail! The gnoll closely misses you.
You take 8 damage, and have 12/24 hp.
MASSIVE DAMAGE!!
You now have 11/12 mp.
Casting: Flame Tongue (safe; 1% risk of failure)
Confirm with . or Enter, or press ? or * to list all spells.
Aiming: Flame Tongue (safe; 1% risk of failure)
Press: ? - help, Shift-Dir - straight line, f - gnoll
Aim: a gnoll, wielding a +0 flail (heavily wounded)
The flame tongue hits the gnoll.
The gnoll is almost dead.
The gnoll hits you with a +0 flail.
You take 1 damage, and have 11/24 hp.
You now have 10/12 mp.
Casting: Flame Tongue (safe; 1% risk of failure)
Confirm with . or Enter, or press ? or * to list all spells.
Aiming: Flame Tongue (safe; 1% risk of failure)
Press: ? - help, Shift-Dir - straight line, f - gnoll, p - gnoll
Aim: a gnoll, wielding a +0 spear The flame tongue hits the gnoll!
You kill the gnoll!
You now have 9/12 mp.
Casting: Flame Tongue (safe; 1% risk of failure)
Confirm with . or Enter, or press ? or * to list all spells.
Aiming: Flame Tongue (safe; 1% risk of failure)
Press: ? - help, Shift-Dir - straight line, f - gnoll, p - gnoll
Aim: a gnoll, wielding a +0 halberd The flame tongue hits the gnoll but does no damage.
The gnoll closely misses you.
You now have 8/12 mp.
Casting: Flame Tongue (safe; 1% risk of failure)
Confirm with . or Enter, or press ? or * to list all spells.
Aiming: Flame Tongue (safe; 1% risk of failure)
Press: ? - help, Shift-Dir - straight line, f - gnoll
Aim: a gnoll, wielding a +0 spear The flame tongue hits the gnoll.
The gnoll is lightly wounded.
The gnoll barely misses you.
You now have 7/12 mp.
Casting: Flame Tongue (safe; 1% risk of failure)
Confirm with . or Enter, or press ? or * to list all spells.
Aiming: Flame Tongue (safe; 1% risk of failure)
Press: ? - help, Shift-Dir - straight line, f - gnoll, p - gnoll
Aim: a gnoll, wielding a +0 halberd The flame tongue hits the gnoll.
The gnoll is heavily wounded.
The gnoll hits you from afar with a +0 spear!
* * * LOW HITPOINT WARNING * * *
You take 8 damage, and have 3/24 hp.
MASSIVE DAMAGE!!
You now have 6/12 mp.
Unknown command.
Casting: Flame Tongue (safe; 1% risk of failure)
Confirm with . or Enter, or press ? or * to list all spells.
Aiming: Flame Tongue (safe; 1% risk of failure)
Press: ? - help, Shift-Dir - straight line, f - gnoll
Aim: a gnoll, wielding a +0 spear (heavily wounded)
You miscast Flame Tongue.
You are very lightly contaminated with residual magic.
Nothing appears to happen.
The gnoll hits you from afar with a +0 spear.
* * * LOW HITPOINT WARNING * * *
You take 2 damage, and have 1/24 hp.
You now have 5/12 mp.
Unknown command.
The gnoll hits you with a +0 spear.
You die... ████████ █.█ ████ █.█ █.█ █.█ █.█ ████

█.█████ ..█
█.█... █
█.███.█.█ █.███
██@██)...█.(....
█..gg.(...(█
██.██....███
█████.█.....
█.██████ █.█ █▲█


You could see 2 gnolls.

Vanquished Creatures
  Robin (D:2)
  2 adders (D:2)
  2 gnolls (D:2)
  2 dart slugs (D:1)
  3 leopard geckos
  5 bats
  6 giant cockroaches
  13 goblins
  8 hobgoblins
  8 jackals
  3 frilled lizards
  9 kobolds
  A leopard gecko zombie (D:2)
  8 rats
71 creatures vanquished.

Notes
Turn   | Place    | Note
-------+----------+-------------------------------------------
     0 | D:1      | Goblin1989 the Deep Elf Fire Elementalist began the quest
                  | for the Orb.
     0 | D:1      | Reached XP level 1. HP: 10/10 MP: 6/6
   195 | D:1      | Reached XP level 2. HP: 10/15 MP: 5/8
   894 | D:1      | Reached XP level 3. HP: 19/19 MP: 8/10
  1427 | D:2      | Reached XP level 4. HP: 12/24 MP: 0/11
  1439 | D:2      | HP: 1/24 [jackal (2)]
  1916 | D:2      | Noticed Robin
  1970 | D:2      | Killed Robin
  2400 | D:2      | HP: 1/24 [gnoll/+0 spear (2)]
  2402 | D:2      | Slain by a gnoll

Skill      XL: |  1  2  3  4 |
---------------+-------------+-----
Conjurations   | 2 3 |  3.3
Fire Magic     | 4 |  4.6
Spellcasting   | 4 |  4.1
Dodging        | |  2.4
Stealth        | |  2.4

Action                   |  1- 3 |  4- 6 || total
-------------------------+-------+-------++-------
Melee: Dagger            |     9 |     7 ||    16
 Fire: Hunting sling     |       |    12 ||    12
 Cast: Flame Tongue      |    69 |    39 ||   108
  Eat: Chunk             |     1 |     3 ||     4
Armor: Robe              |     8 |     2 ||    10
Dodge: Dodged            |    32 |    23 ||    55

Levels and vault maps discovered:
D:1:      shiori_arrival_elements, layout_basic, grunt_decor_arrowhead,
          corexii_leaking_fountain, columned_hall_lemuel
D:2:      layout_loops_corners, serial_undead, serial_undead_c, serial_undead_b,
          serial_undead_c, serial_undead_a, solitary_fountain,
          minmay_diced_spiral, uniq_robin
